 Dungeon Crawl Stone Soup version 0.17-a0-2099-g910b1c6 (webtiles) character file.

275 Nebulos the Shield-Bearer (level 6, -9/49 HPs)
             Began as a Formicid Fighter on Oct 18, 2015.
             Was a Follower of Trog.
             Killed by divine providence
             ... invoked by an orc priest
              (13 damage)
             ... on level 4 of the Dungeon.
             The game lasted 00:09:46 (3455 turns).

Nebulos the Shield-Bearer (Formicid Fighter)        Turns: 3455, Time: 00:09:46

Health: -9/49      AC:  8    Str: 22    XL:     6   Next: 49%
Magic:  6/6        EV:  9    Int:  8    God:    Trog [*.....]
Gold:   196        SH: 10    Dex: 10    Spells: 0 memorised, 5 levels left

rFire  . . .     SeeInvis +     a - +0 trident
rCold  . . .     Clarity  .     b - +0 scale mail
rNeg   . . .     SustAt   .     c - +0 shield
rPois  .         Gourm    .     (helmet unavailable)
rElec  .         Spirit   .     f - +0 cloak
rCorr  .         Warding  .     (no gloves)
rMut   .         Stasis   +     (no boots)
MR     .....                    (no amulet)
Stlth  ..........               (no ring)
                                (no ring)

@: not resistant to hostile enchantments, extremely unstealthy
A: permanent stasis, dig shafts and tunnels, four strong arms, antennae 3
a: Dig, Shaft Self, Burn Spellbooks, Renounce Religion


You were on level 4 of the Dungeon.
You worshipped Trog.
Trog was aware of your devotion.
You were near starving.

You visited 1 branch of the dungeon, and saw 4 of its levels.

You collected 196 gold pieces.

Inventory:

Hand Weapons
 a - a +0 trident (weapon)
 l - a +0 halberd
 o - a +0 hunting sling
Missiles
 n - a throwing net (quivered)
 s - 5 javelins
Armour
 b - a +0 scale mail (worn)
 c - a +0 shield (worn)
 f - a +0 cloak (worn)
Scrolls
 i - a scroll of blinking {unknown}
 k - 4 scrolls of identify {unknown}
 p - a scroll of noise {unknown}
 t - a scroll of remove curse {unknown}
Potions
 d - a potion of might
 g - a potion of lignification {unknown}
 h - 3 potions of curing {unknown}
 j - 2 potions of beneficial mutation {unknown}
 q - a potion of poison {unknown}
 r - 2 potions of heal wounds {unknown}
Comestibles
 e - 4 bread rations
 m - a beef jerky
 u - 2 meat rations


   Skills:
 + Level 4.4 Fighting
 + Level 3.1 Polearms
 + Level 4.4 Armour
 + Level 2.0 Dodging
 + Level 0.6 Stealth
 + Level 5.0 Shields


You had 5 spell levels left.
You didn't know any spells.

Dungeon Overview and Level Annotations

Branches:
Dungeon (4/15)
 Temple: D:4-7

Altars:
Trog


Innate Abilities, Weirdness & Mutations

You are under a permanent stasis effect.
You can dig through walls and to a lower floor.
Your four strong arms can wield two-handed weapons with a shield.
You have a pair of large antennae on your head (SInv).


Message History

The orc priest is severely wounded.
The orc hits you from afar with a trident.
The orc priest hits you with a dagger. You block the orc's attack.
You hit the orc priest.
The orc priest is almost dead.
You block the orc's attack.
The orc priest hits you but does no damage.
The orc barely misses you.
The orc hits you from afar with a trident.
The orc barely misses you.
The orc priest mumbles some strange prayers to Beogh against you.
Something smites you!
* * * LOW HITPOINT WARNING * * *
Use which ability?
Okay, then.
You completely miss the orc priest.
The orc priest is almost dead.
The orc priest invokes the aid of Beogh against you.
Something smites you!
You die...

...####+##........#
........
...##....#........#
........
.........#........+
........
.........#........#.....
.......
.........+........#....
...#####+#........#...# #
####+
...###...........##...##.#
#....
.....'...........#.....o..
#....
.....#..........@#.{......
#....
.....#.........oo#........
#....
.....#...........o........
#....
.....#...........#..(.....
+....
+#####...........###+####.
#.... ..#######+##. ###..
.# .. ... ...


You could see an orc priest and 2 orcs.

Vanquished Creatures
  2 orc wizards (D:3)
  6 adders
  7 gnolls
  4 oozes (D:1)
  3 worms
  2 giant geckos (D:1)
  3 orcs (D:3)
  8 giant cockroaches
  5 goblins (D:3)
  3 hobgoblins
  6 jackals
  6 kobolds
  A quokka (D:2)
  11 bats
  3 giant newts
  16 rats
86 creatures vanquished.

Notes
Turn   | Place    | Note
--------------------------------------------------------------
     0 | D:1      | Nebulos the Formicid Fighter began the quest for the Orb.
     0 | D:1      | Reached XP level 1. HP: 18/18 MP: 1/1
     1 | D:1      | Found a runed door.
    21 | D:1      | Reached XP level 2. HP: 17/24 MP: 2/2
    39 | D:1      | Reached XP level 3. HP: 9/29 MP: 3/3
    49 | D:1      | Reached skill level 4 in Shields
   954 | D:1      | Reached XP level 4. HP: 37/37 MP: 4/4
  1308 | D:2      | Reached XP level 5. HP: 27/42 MP: 5/5
  1368 | D:2      | Reached skill level 1 in Dodging
  1912 | D:2      | Noticed a moth of wrath
  1915 | D:2      | Found a bloodstained altar of Trog.
  1970 | D:2      | Became a worshipper of Trog the Wrathful
  2540 | D:3      | Reached XP level 6. HP: 28/49 MP: 6/6
  2555 | D:3      | Found a faded altar to an unknown god.
  2703 | D:3      | Reached * piety under Trog
  2744 | D:3      | Reached skill level 5 in Shields
  3455 | D:4      | Killed from afar by an orc priest

Vault maps used:
D:1:      dpeg_arrival_caged_fury
D:2:      tgw_trog, first_bread
D:3:      ecumenical_altar_2, minmay_unequal
D:4:      minmay_overflow_temple_star_hex

Action                   |  1- 3 |  4- 6 || total
-------------------------+-------+-------++-------
Melee: Trident           |    74 |   286 ||   360
       Halberd           |       |    27 ||    27
  Eat: Chunk             |       |     7 ||     7
